 Dungeon Sprint DCSS version 0.16.2-12-gd0ad4c3 (webtiles) character file.

731 HenryFlower the Brawler (level 7, -11/64 (66) HPs)
             Began as a Troll Berserker on Sept 20, 2015.
             Was an Elder of Trog.
             Mangled by a boulder beetle (17 damage)
             ... in the Dungeon (Sprint II: "The Violet Keep of Menkaure").
             The game lasted 00:01:00 (117 turns).

HenryFlower the Brawler (Troll Berserker)            Turns: 117, Time: 00:01:00

HP:   -11/64 (66)   AC:  5    Str: 26      XL:     7   Next: 45%
MP:   3/3           EV: 10    Int:  0 (3)  God:    Trog [****..]
Gold: 729           SH:  0    Dex: 11      Spells: 0 memorised, 6 levels left

rFire  . . .     SeeInvis .       - Unarmed
rCold  . . .     Clarity  .     b - +0 animal skin
rNeg   . . .     SustAb   .     (shield restricted)
rPois  .         Gourm    +     (helmet restricted)
rElec  .         Spirit   .     (no cloak)
rCorr  .         Warding  .     (gloves unavailable)
rMut   .         NoTele   +     (boots unavailable)
MR     .....                    (no amulet)
Stlth  +.........               (no ring)
                                (no ring)

@: exhausted, slowed, lost intelligence, very slow, not resistant to hostile
enchantments, very unstealthy
A: unfitting armour, claws 3, fast metabolism 3, gourmand, regeneration 2,
shaggy fur 1, tough skin 2
a: Burn Spellbooks, Berserk, Trog's Hand, Brothers in Arms, Renounce Religion


You were in the Dungeon.
You worshipped Trog.
Trog was greatly pleased with you.
You were not hungry.

You visited 1 branch You collected 729 gold pieces.

Inventory:

Armour
 b - a +0 animal skin (worn)
Scrolls
 h - a scroll of blinking
Potions
 d - a potion of heal wounds
 e - a potion of haste
 f - 2 potions of magic
 g - a potion of berserk rage
Comestibles
 a - 2 meat rations


   Skills:
 - Level 2.4 Fighting
 - Level 1.5 Armour
 - Level 1.5 Dodging
 + Level 15.6 Unarmed Combat


You had 6 spell levels left.
You didn't know any spells.

Dungeon Overview and Level Annotations

Branches:
Dungeon (1/1)

Altars:

Annotations:
D Roxanne


Innate Abilities, Weirdness & Mutations

You are too large for most types of armour.
You have claws for hands.
Your metabolism is lightning-fast.
You like to eat raw meat.
You heal very quickly.
You are covered in fur (AC +1).
You have very tough skin (AC +2).


Message History

The boulder beetle is heavily wounded.
You claw the boulder beetle!
The boulder beetle is severely wounded.
The boulder beetle misses you.
You scratch the boulder beetle but do no damage.
The boulder beetle is severely wounded.
The boulder beetle bites you!!
* * * LOW HITPOINT WARNING * * *
You scratch the boulder beetle.
The boulder beetle is severely wounded.
You scratch the boulder beetle but do no damage.
The boulder beetle is severely wounded.
You are no longer berserk.
You are exhausted.
You feel yourself slow down. The boulder beetle bites you!
* * * LOW HITPOINT WARNING * * *
You mangle the boulder beetle!!
The boulder beetle is almost dead.
The boulder beetle bites you!
You die...

## ## ##. .## ##
#.. ..# .# ##
#B#$#### .##
##.###@###.##..#
#...##.##.#.#..#
#.'.<.'##.'..#
#...##.###..#....#
##.###'#
#.##......≈
####..# ###
≈.....≈ #..##
≈≈≈§..≈ ##.#
≈§≈≈≈§ ##+# ≈≈≈≈≈


You could see a boulder beetle.

Vanquished Creatures
  A boulder beetle (D)
  4 necrophages (D)
  4 brain worms (D)
  2 worms (D)
11 creatures vanquished.

Notes
Turn   | Place    | Note
--------------------------------------------------------------
     0 | D        | HenryFlower, the Troll Berserker, began the quest for the Orb.
     0 | D        | Reached XP level 1. HP: 22/22 MP: 1/1
     1 | D        | Noticed a boulder beetle
     1 | D        | Noticed a boulder beetle
     4 | D        | Noticed a necrophage
     4 | D        | Noticed a necrophage
     4 | D        | Noticed a necrophage
     4 | D        | Noticed a necrophage
    15 | D        | Killed a necrophage
    15 | D        | Reached skill level 9 in Unarmed Combat
    15 | D        | Reached XP level 2. HP: 29/29 MP: 1/1
    15 | D        | Reached XP level 3. HP: 36/36 MP: 2/2
    15 | D        | Reached XP level 4. HP: 44/44 MP: 2/2
    20 | D        | Killed a necrophage
    20 | D        | Reached skill level 11 in Unarmed Combat
    20 | D        | Reached XP level 5. HP: 45/50 MP: 2/2
    23 | D        | Killed a necrophage
    23 | D        | Reached skill level 12 in Unarmed Combat
    29 | D        | Killed a necrophage
    29 | D        | Reached skill level 13 in Unarmed Combat
    29 | D        | Reached XP level 6. HP: 42/57 MP: 3/3
    51 | D        | Acquired Trog's second power
    61 | D        | Noticed Roxanne
    69 | D        | Noticed a brain worm
    72 | D        | Killed a brain worm
    72 | D        | Reached skill level 14 in Unarmed Combat
    74 | D        | Noticed a brain worm
    76 | D        | Killed a brain worm
    77 | D        | Noticed a brain worm
    77 | D        | Noticed a brain worm
    81 | D        | Killed a brain worm
    81 | D        | Reached XP level 7. HP: 59/64 MP: 3/3
    81 | D        | Lost intelligence.
    86 | D        | Killed a brain worm
    86 | D        | Reached skill level 15 in Unarmed Combat
   105 | D        | Killed a boulder beetle
   105 | D        | Acquired Trog's third power
   117 | D        | Mangled by a boulder beetle

Action                   |  1- 3 |  4- 6 |  7- 9 || total
-------------------------+-------+-------+-------++-------
Melee: Unarmed           |     8 |    27 |    16 ||    51
Invok: Berserk           |       |       |     1 ||     1
  Use: Potion            |       |     1 |       ||     1
